 Dungeon Crawl Stone Soup version 0.24-a0-462-ge24419a6ad (webtiles) character file.

Game seed: 6206539569153512328

5600 Peloso the Blocker (level 10, -3/88 HPs)
             Began as a Minotaur Fighter on July 2, 2019.
             Was a Priest of Okawaru.
             Slain by an ettin
             ... wielding a +0 dire flail
              (17 damage)
             ... on level 9 of the Dungeon.
             The game lasted 00:20:41 (8580 turns).

Peloso the Blocker (Minotaur Fighter)               Turns: 8580, Time: 00:20:42

Health: -3/88      AC: 13    Str: 22    XL:     10   Next: 45%
Magic:  9/9        EV:  8    Int:  5    God:    Okawaru [***...]
Gold:   212        SH: 14    Dex: 12    Spells: 9/9 levels left

rFire    + . .     SeeInvis .   b - +3 rapier of Integrity {elec, MR+}
rCold    . . .     Gourm    .   w - +0 shield
rNeg     . . .     Faith    .   D - +1 chain mail "Ryucoath" {Regen+}
rPois    .         Spirit   .   (helmet restricted)
rElec    .         Reflect  +   g - scarf {cloud immunity}
rCorr    +         Harm     .   j - +0 pair of gloves
MR       +....                  (no boots)
Stlth    ..........             m - +2 amulet of reflection
HPRegen  0.64/turn              u - ring of protection from fire
MPRegen  0.11/turn              L - ring of resist corrosion

@: about to teleport
A: retaliatory headbutt, horns 2
a: Heroism, Renounce Religion


You were on level 9 of the Dungeon.
You worshipped Okawaru.
Okawaru was most pleased with you.
You were not hungry.

You visited 3 branches of the dungeon, and saw 11 of its levels.
You also visited: Sewer.

You collected 487 gold pieces.
You spent 275 gold pieces at shops.

Inventory:

Hand Weapons
 a - a +0 long sword
 b - the +3 rapier of Integrity (weapon) {elec, MR+}
   (You found it on level 6 of the Dungeon)

   Occasionally, upon striking a foe, it will discharge some electrical energy
   and cause terrible harm.
   It affects your resistance to hostile enchantments.
 c - a +4 short sword of flaming
Missiles
 M - 19 bolts
Armour
 g - a scarf of cloud immunity (worn)
 j - a +0 pair of gloves (worn)
 w - a +0 shield (worn)
 D - the +1 chain mail "Ryucoath" (worn) {Regen+}
   (You bought it in a shop on level 6 of the Dungeon)

   It increases your rate of regeneration.
Jewellery
 m - a +2 amulet of reflection (around neck)
 u - a ring of protection from fire (left hand)
 L - a ring of resist corrosion (right hand)
Wands
 k - a wand of polymorph (16)
 v - a wand of flame (63)
 E - a wand of random effects (8)
 F - a wand of paralysis (3)
 H - a wand of scattershot (8)
 K - a wand of enslavement (5)
Scrolls
 n - 4 scrolls of remove curse
 o - 5 scrolls of fog
 p - a scroll of teleportation
 q - 2 scrolls of fear
 x - 2 scrolls of immolation {unknown}
 y - a scroll of enchant armour {unknown}
 z - 2 scrolls of amnesia {unknown}
 A - 2 scrolls of enchant weapon {unknown}
 G - 3 scrolls of magic mapping {unknown}
 I - a scroll of identify
 N - a scroll of vulnerability {unknown}
Potions
 d - 3 potions of might
 e - 2 potions of brilliance
 h - 2 potions of flight
 i - 3 potions of curing
 l - 3 potions of invisibility
 r - 4 potions of magic
 s - 3 potions of heal wounds
 t - 2 potions of ambrosia
 B - a potion of cancellation {unknown}
 C - a potion of resistance {unknown}
Comestibles
 f - 17 rations
 J - 4 chunks of flesh


   Skills:
 + Level 8.0 Fighting
 + Level 7.3(8.9) Short Blades
 + Level 8.5(9.9) Long Blades
 + Level 8.8 Armour
 + Level 3.4 Dodging
 + Level 1.0 Stealth
 + Level 10.1 Shields


You had 9 spell levels left.
You didn't know any spells.
Your spell library contained the following spells:

 Spells                   Type           Power        Failure   Level  Hunger
 Animate Skeleton         Necr           N/A          100%        1    ##.....
 Magic Dart               Conj           #...         100%        1    ##.....
 Pain                     Necr           #...         100%        1    ##.....
 Blink                    Tloc           N/A          100%        2    ###....
 Call Imp                 Summ           #.......     100%        2    ###....
 Slow                     Hex            #.......     100%        2    ###....
 Conjure Flame            Conj/Fire      #.......     100%        3    ####...
 Mephitic Cloud           Conj/Pois/Air  #.......     100%        3    ####...
 Regeneration             Chrm/Necr      #.........   100%        3    ####...
 Vampiric Draining        Necr           #.........   100%        3    ####...
 Animate Dead             Necr           N/A          100%        4    #####..


Dungeon Overview and Level Annotations

Branches:
Dungeon (9/15)             Temple (1/1) D:6             Orc (1/2) D:9
   Lair: D:8-11

Altars:
Ashenzari
Elyvilon
Fedhas
Gozag
Hepliaklqana
Kikubaaqudgha
Makhleb
Okawaru
Qazlal
Ru
Sif Muna
Trog
Vehumet
Wu Jian
Xom
Yredelemnul
Zin
The Shining One

Shops:
D:6 [=([[


Innate Abilities, Weirdness & Mutations

You reflexively headbutt those who attack you in melee.
You have a pair of horns on your head.


Message History

You block the orc warrior's attack.
The orc sorcerer gestures at you while chanting.
The bolt of fire hits you. You resist.
The orc warlord shoots a bolt.
The bolt hits you!!!
An ogre comes into view. It is wielding a +0 giant club.
There is a staircase back to the Dungeon, spattered with blood here.
You see here a bolt.
The ogre barely misses you.
You climb upwards.
Welcome back to the Dungeon!
There is a staircase to the Orcish Mines, spattered with blood here.
Things that are here:
a +0 plate armour; a +0 short sword; a troll skeleton The ettin hits you with a +0 dire flail!!!
* * * LOW HITPOINT WARNING * * *
The ettin completely misses you.
There is an open door, spattered with blood here.
As you read the scroll of teleportation, it crumbles to dust.
You feel strangely unstable.
The ettin hits you with a +0 dire flail!
You die...

......##.....# ########)
......##.....###### ###
#) .......††..........
..# #)
......##.....###### #.#
##. ......##.....# #.#
#.. ......##.....#####
######.###..
......#####..#...#
#...#.......
.............#.8.#
#.8..)[.....
......#####..#..@##
##[..#))..... ......#
#...##.#C###'####.)..###
#### #...##.##O.)##
#....# #...##.##.>[#
#....# ###.##.##)..##
#....##
#)##.#'###'####.....#
#)#...#####...#...#.#
#))[8......[8.#.###.#
###...#####...#.# #.##


You could see an ettin and an ogre.

Vanquished Creatures
  Maurice (D:8)
  A troll (D:9)
  A hornet (D:9)
  2 hippogriffs
  5 yaks
  A water moccasin (D:5)
  6 orc warriors
  A sky beast (D:6)
  An ice beast (D:9)
  4 ogres
  2 phantoms
  A big kobold (D:9)
  2 gnoll sergeants
  2 bullfrogs (D:7)
  A wyvern zombie (D:8)
  5 wights (D:8)
  3 scorpions
  2 howler monkeys
  4 crimson imps
  2 bullfrog zombies
  A centaur zombie (D:9)
  A hound (D:7)
  A jelly (D:5)
  7 orc priests
  13 orc wizards
  A centaur skeleton (D:7)
  2 iguanas
  2 worker ants
  2 hound skeletons
  15 gnolls
  A howler monkey zombie (D:5)
  12 adders
  3 shadow imps
  An ooze (D:1)
  2 adder zombies
  6 worms
  5 leopard geckos
  62 orcs
  8 giant cockroaches
  11 goblins
  7 hobgoblins
  8 jackals
  15 kobolds
  5 quokkas
  4 ball pythons
  9 bats
  12 frilled lizards
  A giant cockroach zombie (D:6)
  A jackal zombie (D:7)
  A leopard gecko skeleton (D:8)
  2 quokka skeletons
  A quokka zombie (D:7)
  11 rats
280 creatures vanquished.

Vanquished Creatures (others)
  2 orc wizards
  2 orcs
  A kobold (D:9)
5 creatures vanquished.

Grand Total: 285 creatures vanquished

Notes
Turn   | Place    | Note
-------+----------+-------------------------------------------
     0 | D:1      | Peloso the Minotaur Fighter began the quest for the Orb.
     0 | D:1      | Reached XP level 1. HP: 19/19 MP: 0/0
   143 | D:1      | Reached XP level 2. HP: 27/27 MP: 1/1
   754 | D:1      | Reached XP level 3. HP: 33/33 MP: 2/2
  1156 | D:2      | Reached skill level 4 in Shields
  1238 | D:2      | Reached XP level 4. HP: 27/40 MP: 3/3
  1818 | D:3      | Reached XP level 5. HP: 45/46 MP: 4/4
  2158 | D:3      | Reached skill level 5 in Armour
  2381 | D:4      | Found a deep blue altar of Sif Muna.
  2387 | D:4      | Reached skill level 1 in Dodging
  2393 | D:4      | Found a glowing drain.
  2417 | Sewer    | Entered a sewer
  2738 | D:4      | Reached skill level 5 in Shields
  2738 | D:4      | Reached XP level 6. HP: 53/53 MP: 5/5
  2839 | D:4      | Reached skill level 5 in Long Blades
  3344 | D:4      | Found a hazy altar of Hepliaklqana.
  3721 | D:5      | Entered Level 5 of the Dungeon
  3721 | D:5      | Found a shimmering altar of Xom.
  3774 | D:5      | Found a glowing golden altar of the Shining One.
  3791 | D:5      | Noticed a water moccasin
  3803 | D:5      | Killed a water moccasin
  3803 | D:5      | Reached XP level 7. HP: 51/60 MP: 6/6
  3839 | D:5      | Reached skill level 6 in Shields
  3904 | D:5      | Reached skill level 5 in Fighting
  4359 | D:5      | Found a burning altar of Makhleb.
  4480 | D:5      | Found an ornate altar of the Wu Jian Council.
  4757 | D:6      | Reached skill level 7 in Shields
  4757 | D:6      | Reached XP level 8. HP: 47/68 MP: 7/7
  4783 | D:6      | Found Sapraob's Jewellery Shoppe.
  4799 | D:6      | Found Tefonooq's Antique Armour Shoppe.
  4799 | D:6      | Found Xanot's Antique Armour Boutique.
  5439 | D:6      | Found Garuimmi's Armour Shop.
  5656 | D:6      | Reached skill level 8 in Shields
  5657 | D:6      | Found Setysoskur's Weapon Emporium.
  5699 | D:6      | Found a white marble altar of Elyvilon.
  5852 | D:6      | Found a staircase to the Ecumenical Temple.
  5899 | Temple   | Entered the Ecumenical Temple
  5929 | Temple   | Became a worshipper of Warmaster Okawaru
  6035 | D:6      | Found a glowing silver altar of Zin.
  6100 | D:6      | Got an encrusted rapier
  6101 | D:6      | Identified the +3 rapier of Integrity {elec, MR+} (You
                  | found it on level 6 of the Dungeon)
  6131 | D:6      | Found a basalt altar of Yredelemnul.
  6245 | D:6      | Found a blossoming altar of Fedhas.
  6328 | D:6      | Bought a translucent chain mail for 275 gold pieces
  6342 | D:6      | Identified the +1 chain mail "Ryucoath" {Regen+} (You
                  | bought it in a shop on level 6 of the Dungeon)
  6533 | D:6      | Reached * piety under Okawaru
  6533 | D:6      | Reached skill level 1 in Short Blades
  6533 | D:6      | Reached XP level 9. HP: 61/75 MP: 8/8
  6778 | D:7      | Reached skill level 9 in Shields
  6895 | D:7      | Reached ** piety under Okawaru
  7362 | D:8      | Noticed Maurice
  7372 | D:8      | Killed Maurice
  7372 | D:8      | Reached skill level 5 in Short Blades
  7577 | D:8      | Reached XP level 10. HP: 73/86 MP: 9/9
  7853 | D:8      | Found a bloodstained altar of Trog.
  8171 | D:9      | Paralysed by a hornet for 2 turns
  8178 | D:9      | Paralysed by a hornet for 2 turns
  8184 | D:9      | Reached *** piety under Okawaru
  8188 | D:9      | Reached skill level 1 in Stealth
  8323 | D:9      | Found a staircase to the Orcish Mines.
  8447 | Orc:1    | Entered Level 1 of the Orcish Mines
  8447 | Orc:1    | Noticed an orc warlord
  8447 | Orc:1    | Noticed an orc sorcerer
  8499 | Orc:1    | Noticed an ettin
  8500 | Orc:1    | Noticed a sixfirhy
  8507 | D:9      | Reached skill level 10 in Shields
  8580 | D:9      | Slain by an ettin

Levels and vault maps discovered:
D:1:      minmay_arrival_nine_rooms, layout_loops_corners, minmay_hedge_maze,
          minmay_misc_feat_alley
D:2:      layout_rooms, minmay_quantized
D:3:      layout_basic, first_ration, minmay_pentangle
D:4:      layout_rooms, kennysheep_mini_moat, lemuel_crystal_altar,
          portal_sewer_entry_f, minmay_ruptured
D:5:      layout_gridville, tso_metal_star, overflow_temple_1_default,
          old_standard_altar, brannock_xom_greatest_gift, minivault_1
D:6:      layout_basic, kennysheep_ying_yang, fedhas_altar_1,
          nicolae_overflow_hidden_temple, minmay_temple_entry_glassed_door,
          serial_shops, shop_fountains, shop, shop,
          nicolae_shop_window_shopping, shop
D:7:      layout_cave_pools, grunt_ogre_cave, kennysheep_opposing_triangles
D:8:      layout_basic, overflow_temple_1_default, uniq_maurice
D:9:      layout_basic, nicolae_overflow_crystal_walls, hiddenorc2_lemuel
Temple:   compressed_dpeg_triangle_lava_temple
Orc:1:    layout_caves, serial_shops, shop, uniq_josephine, uniq_harold,
          uniq_erica

Skill      XL: |  1  2  3  4  5  6  7  8  9 10 |
---------------+-------------------------------+-----
Armour         | 4 5 6 7 8 |  8.8
Fighting       | 4 5 6 7 8 |  8.0
Shields        | 4 5 7 8 9 10 | 10.1
Long Blades    | 3 4 5 6 8 |  8.5
Dodging        | 1 2 3 |  3.4
Short Blades   | 1 5 7 |  7.3
Stealth        | 1 |  1.0

Action                   |  1- 3 |  4- 6 |  7- 9 | 10-12 || total
-------------------------+-------+-------+-------+-------++-------
Melee: Long sword        |   117 |   219 |   196 |       ||   532
       Headbutt          |    14 |    47 |    65 |    36 ||   162
       Rapier            |       |       |   127 |   178 ||   305
Evoke: Wand              |       |       |     3 |       ||     3
  Use: Potion            |       |     1 |     1 |       ||     2
       Scroll            |       |       |    14 |     1 ||    15
 Stab: Paralysed         |       |       |     4 |       ||     4
  Eat: Chunk             |     1 |     9 |    12 |     4 ||    26
Armor: Scale mail        |    62 |    77 |       |       ||   139
       Chain mail        |       |    11 |   132 |    32 ||   175
Dodge: Dodged            |    48 |    67 |    93 |    45 ||   253
Block: Shield            |    81 |   139 |   277 |   119 ||   616
       Reflection        |       |     4 |    19 |     7 ||    30
       Rpst.: Long sword |    18 |    15 |    10 |       ||    43

Table legend:
 A = Non-vault XP
 B = Vault XP
 C = Vault XP percentage of total XP
 D = Non-vault monster count
 E = Vault monster count
 F = Vault count percentage of total count
                 A         B        C        D         E       F
            +---------+---------+-------+---------+---------+-------
      Total |    6670 |    1331 |  16.6 |     219 |      64 |  22.6
            +---------+---------+-------+---------+---------+-------
        D:1 |      43 |       0 |   0.0 |      24 |       0 |   0.0
        D:2 |      90 |       4 |   4.3 |      32 |       2 |   5.9
        D:3 |     101 |      26 |  20.5 |      19 |       8 |  29.6
        D:4 |     404 |      16 |   3.8 |      15 |       6 |  28.6
        D:5 |     480 |       0 |   0.0 |      15 |       0 |   0.0
        D:6 |    1783 |       0 |   0.0 |      44 |       0 |   0.0
        D:7 |    1098 |     217 |  16.5 |      18 |       2 |  10.0
        D:8 |     840 |     493 |  37.0 |      22 |       1 |   4.3
        D:9 |    1789 |     547 |  23.4 |      29 |      32 |  52.5
      Orc:1 |      42 |       0 |   0.0 |       1 |       0 |   0.0
      Sewer |       0 |      28 | 100.0 |       0 |      13 | 100.0
            +---------+---------+-------+---------+---------+-------
